 Dungeon Crawl Stone Soup version 0.30-a0-54-g2e61a25929 (webtiles) character file.

Game seed: 17516221310970871420

12 MrFrogsmire the Gusty (level 2, 0/20 HPs)
             Began as a Draconian Air Elementalist on Sept 8, 2022.
             Slain by a gnoll
             ... wielding a +0 spear
              (5 damage)
             ... on level 1 of the Dungeon.
             The game lasted 00:02:33 (334 turns).

MrFrogsmire the Gusty (Draconian Air Elementalist)   Turns: 334, Time: 00:02:33

Health: 0/20       AC:  4    Str: 10    XL:     2   Next: 20%
Magic:  5/5        EV: 12    Int: 15    God:
Gold:   20         SH:  0    Dex: 11    Spells: 4/5 levels left

rFire   . . .      SeeInvis .    b - +0 short sword
rCold   . . .      Faith    .    (no shield)
rNeg    . . .      Spirit   .    (body armour unavailable)
rPois   .          Reflect  .    (helmet restricted)
rElec   .          Harm     .    (no cloak)
rCorr   .          Rampage  .    (no gloves)
Will    .....                    (no boots)
Stlth   ++........               (no amulet)
HPRegen 0.06/turn                (no ring)
MPRegen 0.09/turn                (no ring)

@: no status effects
A: AC +4, unfitting armour, cold-blooded
a: no special abilities


You were on level 1 of the Dungeon.
You visited 1 branch of the dungeon, and saw 1 of its levels.

You collected 20 gold pieces.

Inventory:

Hand Weapons
 b - a +0 short sword (weapon)


   Skills:
 + Level 0.1 Short Blades
 + Level 1.9 Dodging
 + Level 1.7 Stealth
 + Level 2.1 Spellcasting
 + Level 1.1 Conjurations
 + Level 3.4 Air Magic


You had 4 spell levels left.
You knew the following spells:

 Your Spells              Type           Power      Damage    Failure   Level
a - Shock                 Conj/Air       32%        1d5       9%          1

Your spell library contained the following spells:

 Spells                   Type           Power      Damage    Failure   Level
 Static Discharge         Conj/Air       16%        3-4/arc   13%         2
 Swiftness                Air            11%        N/A       16%         3
 Blink                    Tloc           2%         N/A       32%         2
 Airstrike                Air            5%         2d(1-17)  47%         4
 Lesser Beckoning         Tloc           1%         N/A       54%         3
 Manifold Assault         Tloc           1%         N/A       99%         5


Dungeon Overview and Level Annotations

Branches:
Dungeon (1/15)

Altars:


Innate Abilities, Weirdness & Mutations

Your plain brown scales are hard. (AC +4)
You cannot fit into any form of body armour.
You are cold-blooded and may be slowed by cold attacks.


Message History

You closely miss the kobold.
Your tail-slap misses the kobold.
The kobold is severely wounded.
The kobold hits you with a +0 club.
You hit the kobold but do no damage.
Your tail-slap misses the kobold.
The kobold is severely wounded.
The kobold misses you.
You hit the kobold.
You kill the kobold!
You barely miss the endoplasm. You tail-slap the endoplasm.
You kill the endoplasm!
You hit the rat.
You kill the rat!
The hobgoblin hits you. The gnoll barely misses you.
Things that are here:
a +0 club; a kobold corpse; a jackal corpse You hit the hobgoblin.
The hobgoblin is moderately wounded.
The hobgoblin completely misses you.
The gnoll hits you from afar with a +0 spear.
You barely miss the hobgoblin.
Your tail-slap misses the hobgoblin.
The hobgoblin is moderately wounded.
The hobgoblin misses you.
The gnoll hits you from afar with a +0 spear.
* * * LOW HITPOINT WARNING * * *
Magic courses through your body.
The hobgoblin hits you but does no damage.
The gnoll closely misses you.
You are too injured to fight recklessly!
The hobgoblin attacks as you move away! The hobgoblin barely misses you.
The hobgoblin attacks as you move away! The hobgoblin hits you.
* * * LOW HITPOINT WARNING * * *
You hit the hobgoblin.
The hobgoblin is almost dead.
The hobgoblin hits you but does no damage.
The gnoll closely misses you.
You barely miss the hobgoblin.
The hobgoblin is almost dead.
The hobgoblin completely misses you.
The gnoll hits you from afar with a +0 spear.
You die...

.. #.#..#.#... ...
#.#..#.#.## ....
#.#....#.## .....
#.#.#.....#
......#########§#.......#
.......)†...☼##.####.....
...#####g..°§.§.##♣.♣♣.##
#g###§##§§§♣♣..♣.∩ #@#
#.#.§♣♣§8.8♣.♣ #.#
#.#♣♣§♣8...8♣. #.# #.♣
♣§8..⌠..8. #.# #.♣
♣8.......8 #.#
#..♣♣..⌠.<.⌠.. #.#
#.♣♣.8.......8 #.#
#...♣.8..⌠..8♣
#.###.#♣♣.♣8...8.♣
#...#§.♣♣.8.8♣.♣


You could see a gnoll and a hobgoblin.

Vanquished Creatures
  3 endoplasms (D:1)
  A giant cockroach (D:1)
  2 jackals (D:1)
  A bat (D:1)
  3 kobolds (D:1)
  A rat (D:1)
11 creatures vanquished.

Notes
Turn   | Place    | Note
-------+----------+-------------------------------------------
     0 | D:1      | MrFrogsmire the Draconian Air Elementalist began the quest
                  | for the Orb.
     0 | D:1      | Reached XP level 1. HP: 14/14 MP: 3/3
   319 | D:1      | Reached XP level 2. HP: 20/20 MP: 0/5
   334 | D:1      | Slain by a gnoll

Illustrated notes

Levels and vault maps discovered:
D:1:      heliophobic_arrival_enchanted_forest, layout_basic, serial_shops,
          nicolae_shop_waterfront, minmay_misc_feat_ornament

Action                   || total
-------------------------++-------
Melee: Unarmed           ||    13
       Short sword       ||    20
       Tailslap          ||     3
       Punch             ||     1
 Cast: Shock             ||     9
  Use: Potion            ||     1
Armor: Skin              ||     9
Dodge: Dodged            ||    31

Table legend: (Time is in decaauts)
 A = Elapsed time spent in this place.
 B = Non-inter-level travel time spent in this place.
 C = Inter-level travel time spent in this place.
 D = Time resting spent in this place.
 E = Time spent auto-exploring this place.
 F = Levels seen in this place.
 G = Mean time per level.
                   A        B        C        D        E       F      G
               +--------+--------+--------+--------+--------+-----+--------+
         Total |    335 |    122 |    213 |      0 |      0 |   1 |  335.0 |
       Dungeon |    335 |    122 |    213 |      0 |      0 |   1 |  335.0 |
               +--------+--------+--------+--------+--------+-----+--------+

Top non-repeatable levels by time:
     D:1: 335 daAuts
